 Dungeon Crawl Stone Soup version 0.30-a0-777-ga9a30cbeda (webtiles) character file.

Game seed: 9281176393802419675

1029 retardedninja the Protected (level 8, -4/60 HPs)
             Began as a Gargoyle Fighter on Feb 14, 2023.
             Slain by a goblin
             ... wielding a +0 club
             ... led by Robin
              (5 damage)
             ... on level 4 of the Dungeon.
             The game lasted 00:05:33 (3310 turns).

retardedninja the Protected (Gargoyle Fighter)      Turns: 3310, Time: 00:05:33

Health: -4/60      AC: 14    Str: 23    XL:     8   Next: 23%
Magic:  8/8        EV:  9    Int:  8    God:
Gold:   226        SH:  4    Dex:  9    Spells: 7/7 levels left

rFire   . . .      SeeInvis .    a - +0 flail
rCold   . . .      Faith    .    c - +0 buckler
rNeg    + . .      Spirit   .    b - +0 scale mail
rPois   ∞          Reflect  .    (no helmet)
rElec   +          Harm     .    (no cloak)
rCorr   .          Rampage  .    (no gloves)
Will    .....                    (no boots) Stlth
                                 (no amulet)
HPRegen 0.30/turn                (no ring)
MPRegen 0.11/turn                (no ring)

@: no status effects
A: sickness immunity, AC +5, negative energy resistance 1, electricity
resistance, torment resistance 1, petrification resistance, sense surroundings
1, robust 1
a: no special abilities


You were on level 4 of the Dungeon.
You visited 1 branch of the dungeon, and saw 4 of its levels.

You collected 226 gold pieces.

Inventory:

Hand Weapons
 a - a +0 flail (weapon)
Armour
 b - a +0 scale mail (worn)
 c - a +0 buckler (worn)
Jewellery
 e - a +4 ring of protection
Wands
 p - a wand of flame (6)
Scrolls
 g - 2 scrolls of poison {unknown}
 h - a scroll of fog {unknown}
 m - a scroll of noise
 n - a scroll of fear {unknown}
 o - a scroll of identify {unknown}
 q - a scroll of teleportation {unknown}
 r - 2 scrolls of blinking {unknown}
 s - a scroll of magic mapping {unknown}
Potions
 j - a potion of cancellation
 l - 2 potions of mutation


   Skills:
 + Level 8.7 Fighting
 + Level 7.6 Maces & Flails
 + Level 6.3 Throwing
 + Level 8.8 Armour
 - Level 3.7 Shields


You had 7 spell levels left.
You didn't know any spells.
Your spell library contained the following spells:

 Spells                   Type           Power      Damage    Failure   Level
 Poisonous Vapours        Pois/Air       0%         N/A       88%         2
 Mephitic Cloud           Conj/Pois/Air  0%         N/A       98%         3
 Cigotuvi's Dreadful Rot  Necr/Pois/Air  Unusable   N/A       N/A         2

Dungeon Overview and Level Annotations

Branches:
Dungeon (4/15)
 Temple: D:4-7

Altars:
Cheibriados
Fedhas
Kikubaaqudgha
Okawaru

Annotations:
D:4 Robin


Innate Abilities, Weirdness & Mutations

You are immune to sickness and miasma.
Your stone body is resilient. (AC +5)
You are immune to poison.
You resist negative energy. (rN+)
You are resistant to electric shocks. (rElec)
You are resistant to unholy torment.
You are immune to petrification.
You passively map a small area around you.
You are robust. (+10% HP)


Message History

The goblins go into a battle-frenzy!
You thump the hobgoblin!
You kill the hobgoblin!
You block the goblin's attack. The goblin hits you but does no damage.
The goblin barely misses you. The goblin closely misses you.
The goblin hits you but does no damage. The goblin closely misses you.
Robin hits you with a +0 short sword.
* * * LOW HITPOINT WARNING * * *
Items here: ! )) †††.
You sock Robin!
Robin is heavily wounded.
You block the goblin's attack. x2; The goblin completely misses you.
The goblin hits you with a +0 club.
* * * LOW HITPOINT WARNING * * *
Robin hits you but does no damage.
You hit Robin.
Robin is heavily wounded.
The goblin hits you but does no damage. The goblin barely misses you.
The goblin hits you with a +0 club.
* * * LOW HITPOINT WARNING * * *
The goblin hits you but does no damage. Robin hits you but does no damage.
Okay, then.
You hit Robin but do no damage.
Robin is heavily wounded.
The goblin no longer looks unusually strong.
You block the goblin's attack. x3; The goblin hits you but does no damage.
Robin roars a battlecry!
The goblin goes into a battle-frenzy!
Okay, then.
You sock Robin!
Robin is almost dead.
The goblin barely misses you. x2; The goblin hits you but does no damage. x2
Robin closely misses you.
You barely miss Robin.
Robin is almost dead.
The goblin closely misses you. The goblin barely misses you.
The goblin hits you with a +0 club.
* * * LOW HITPOINT WARNING * * *
The goblin hits you with a +0 club.
You die...

..≈.8.≈..........#
..≈...≈.....†....#
..≈≈.≈≈..........##
..≈≈.≈≈...........#
.≈≈.≈≈...###.....#
.≈≈_≈≈..## ###...#
,.≈≈≈≈≈..# #...#
.≈≈≈..#*


#ggg# ..... #g@.# ... #.g## #).# * #..# * *#..# , ,, ..## , ..# ,, .... , ....
You could see Robin and 4 goblins.

Vanquished Creatures
  Sigmund (D:2)
  2 orc priests (D:3)
  Jessica (D:2)
  Natasha (thrice) (D:2)
  2 orc wizards (D:3)
  8 adders
  An ufetubus (D:4)
  3 dart slugs
  4 orcs
  5 ball pythons
  4 bats
  11 endoplasms
  3 giant cockroaches
  8 goblins
  8 hobgoblins
  7 jackals
  10 kobolds
  A quokka (D:2)
  A frilled lizard (D:2)
  3 rats
86 creatures vanquished.

Vanquished Creatures (others)
  4 plants (D:4)
4 creatures vanquished.

Grand Total: 90 creatures vanquished

Notes
Turn   | Place    | Note
-------+----------+-------------------------------------------
     0 | D:1      | retardedninja the Gargoyle Fighter began the quest for the
                  | Orb.
     0 | D:1      | Reached XP level 1. HP: 14/14 MP: 1/1
   173 | D:1      | Reached XP level 2. HP: 19/19 MP: 2/2
   731 | D:2      | Reached XP level 3. HP: 17/24 MP: 3/3
   972 | D:2      | Noticed Sigmund
   977 | D:2      | Killed Sigmund
   978 | D:2      | Reached skill level 1 in Throwing
   978 | D:2      | Reached XP level 4. HP: 30/30 MP: 4/4
   978 | D:2      | Reached XP level 5. HP: 34/34 MP: 5/5
  1139 | D:2      | Identified the +8 hand axe of the Desert {heavy, Will++
                  | Int+4}
  1208 | D:2      | Noticed Jessica
  1214 | D:2      | Killed Jessica
  1215 | D:2      | Reached XP level 6. HP: 30/39 MP: 6/6
  1449 | D:2      | Identified the +1 robe "Muxiweug" {rC+ Will+ Str+3}
  1485 | D:2      | Found a faded altar of an unknown god.
  1497 | D:2      | Noticed Natasha
  1503 | D:2      | Killed Natasha
  1886 | D:2      | Noticed Natasha
  1896 | D:2      | Killed Natasha
  2104 | D:2      | Noticed Natasha
  2110 | D:2      | Killed Natasha
  2415 | D:3      | Reached skill level 5 in Fighting
  2415 | D:3      | Reached skill level 5 in Armour
  2668 | D:3      | Reached XP level 7. HP: 33/44 MP: 7/7
  2765 | D:3      | Found a snail-covered altar of Cheibriados.
  2814 | D:3      | Found an iron altar of Okawaru.
  3105 | D:3      | Found an ancient bone altar of Kikubaaqudgha.
  3252 | D:4      | Found a blossoming altar of Fedhas.
  3273 | D:4      | Noticed Robin
  3295 | D:4      | Gained mutation: You are robust. (+10% HP) [potion of
                  | mutation]
  3295 | D:4      | Gained mutation: You passively map a small area around you.
                  | [potion of mutation]
  3296 | D:4      | HP: 1/48 [goblin/+0 club[Robin] (5)]
  3298 | D:4      | Reached XP level 8. HP: 9/60 MP: 8/8
  3306 | D:4      | HP: 1/60 [goblin/+0 club[Robin] (3)]
  3310 | D:4      | Slain by a goblin

Illustrated notes

Levels and vault maps discovered:
D:1:      tarquinn_simple_flora_water_d, layout_loops_ring, serial_forest,
          infiniplex_forest_straight_2, infiniplex_forest_lined_2,
          infiniplex_forest_clump_long, infiniplex_forest_straight_1,
          nrook_mini_vaults
D:2:      layout_loops_cross, chequers_ecumenical_altar_twisty, uniq_sigmund,
          uniq_jessica, uniq_natasha
D:3:      layout_rooms, mainiacjoe_overflow_24_doors, okawaru_gym_becter,
          general_overflow_altar, minmay_hedge_maze
D:4:      kennysheep_kobold_camp, layout_layer_cave,
          worldfamousw_hep_ancestral_shrine, mainiacjoe_overflow_catwalk,
          serial_bayou, serial_bayou_shore_b, serial_bayou_pond_e,
          serial_bayou_crossing, serial_bayou_pond_c, serial_bayou_lake_a,
          serial_bayou_shore_a, grunt_ministairs_7, uniq_robin

Skill      XL: |  1  2  3  4  5  6  7 |
---------------+----------------------+-----
Fighting       | 4 5 8 |  8.7
Maces & Flails | 3 4 7 |  7.6
Throwing       | 1 2 6 |  6.3
Armour         | 4 5 8 |  8.8
Shields        | |  3.7

Action                     |  1- 3 |  4- 6 |  7- 9 || total
---------------------------+-------+-------+-------++-------
  Melee: Flail             |    76 |   124 |   104 ||   304
    Use: Potion            |     1 |     3 |     6 ||    10
         Scroll            |       |       |     1 ||     1
 Armour: Scale mail        |    66 |    99 |   113 ||   278
  Dodge: Dodged            |    44 |   101 |    79 ||   224
  Block: Buckler           |    13 |    34 |    48 ||    95

Table legend: (Time is in decaauts)
 A = Elapsed time spent in this place.
 B = Non-inter-level travel time spent in this place.
 C = Inter-level travel time spent in this place.
 D = Time resting spent in this place.
 E = Time spent auto-exploring this place.
 F = Levels seen in this place.
 G = Mean time per level.
                   A        B        C        D        E       F      G
               +--------+--------+--------+--------+--------+-----+--------+
         Total |   3393 |   3338 |     55 |   1079 |   1572 |   4 |  848.2 |
       Dungeon |   3393 |   3338 |     55 |   1079 |   1572 |   4 |  848.2 |
               +--------+--------+--------+--------+--------+-----+--------+

Top non-repeatable levels by time:
     D:2: 1689 daAuts
     D:3: 882 daAuts
     D:1: 724 daAuts
     D:4: 97 daAuts
